 Dungeon Crawl Stone Soup version 0.20.1 (webtiles) character file.

71 vishdafish the Sneak (level 4, -3/36 HPs)
             Began as a Naga Enchanter on July 2, 2017.
             Slain by a gnoll zombie (5 damage)
             ... on level 2 of the Dungeon.
             The game lasted 00:06:15 (1839 turns).

vishdafish the Sneak (Naga Enchanter)               Turns: 1839, Time: 00:06:16

Health: -3/36      AC:  2    Str: 10    XL:     4   Next: 24%
Magic:  7/7        EV: 10    Int: 15    God:
Gold:   100        SH:  0    Dex: 13    Spells: 6/7 levels left

rFire    . . .     SeeInvis +   a - +1 dagger
rCold    . . .     Gourm    .   (no shield)
rNeg     . . .     Faith    .   b - +0 robe
rPois    +         Spirit   .   (no helmet)
rElec    .         Reflect  .   (no cloak)
rCorr    .         Harm     .   (no gloves)
MR       .....                  (no barding)
Stlth    +++.......             (no amulet)
Regen    0.2/turn               (no ring)
MPRegen  0.1/turn               (no ring)

@: short of breath, very slow
A: see invisible, deformed body, poison resistance, slowness 2, slow metabolism
1, spit poison 1, AC +1
a: Spit Poison


You were on level 2 of the Dungeon.
You were very hungry.

You visited 1 branch of the dungeon, and saw 2 of its levels.

You collected 100 gold pieces.

Inventory:

Hand Weapons
 a - a +1 dagger (weapon)
Armour
 b - a +0 robe (worn)
Scrolls
 e - a scroll of teleportation {unknown}
 j - a scroll of recharging
 m - a scroll of magic mapping {unknown}
Potions
 g - a potion of curing
 i - a potion of mutation {unknown}
 l - a potion of berserk rage {unknown}
Books
 c - a book of Maledictions

   Spells                             Type                      Level
   a - Corona                         Hexes                        1
   b - Ensorcelled Hibernation        Hexes/Ice                    2
   c - Confuse                        Hexes                        3
   d - Tukima's Dance                 Hexes                        3
   e - Dazzling Spray                 Conjuration/Hexes            3
Comestibles
 d - 3 bread rations
 f - 2 meat rations
 h - 4 fruits
 k - 2 royal jellies


   Skills:
 * Level 2.0 Short Blades
 + Level 2.3 Dodging
 * Level 5.5 Stealth
 - Level 2.1 Spellcasting
 + Level 3.2 Hexes


You had 6 spell levels left.
You knew the following spells:

 Your Spells              Type           Power        Failure   Level  Hunger
a - Corona                Hex            ##.....      6%          1    #......


Dungeon Overview and Level Annotations

Branches:
Dungeon (2/15)

Altars:
Nemelex Xobeh


Innate Abilities, Weirdness & Mutations

You cannot wear boots.
Your serpentine skin is tough. (AC +1)
You have supernaturally acute eyesight. (SInv)
Armour fits poorly on your strangely shaped body.
Your system is resistant to poisons. (rPois)
You cover ground very slowly.
You have a slow metabolism.
You can spit poison.


Message History

The jackal is almost dead.
You have got your breath back.
The jackal bites you but does no damage.
You hit the jackal.
You kill the jackal!
Press: ? - help, Shift-Dir - straight line, f - gnoll zombie
Aim: a gnoll zombie The splash of poison hits the gnoll zombie.
The gnoll zombie completely resists.
You feel slightly more hungry. The gnoll zombie hits you.
* * * LOW HITPOINT WARNING * * *
You completely miss the gnoll zombie. You hit the gnoll zombie.
The gnoll zombie is moderately damaged.
The gnoll zombie hits you.
* * * LOW HITPOINT WARNING * * *
You hit the gnoll zombie.
The gnoll zombie is heavily damaged.
The gnoll zombie hits you.
You die...

#.# #)# ####.# ..##.#
>.##.# #.##.# #######
#.##.########## .......
#.............####.......
#.#†#..######...@Z.......
#.##.#.######.####.......
#.......).....# .....).
######.#####..# #######
#.# #.## #.# #.# #.# #.#
#.# #.# #.. ..#


You could see a gnoll zombie.

Vanquished Creatures
  An adder (D:2)
  An ooze (D:1)
  A worm (D:2)
  2 dart slugs
  2 giant cockroaches (D:2)
  A gnoll zombie (D:2)
  A goblin (D:1)
  4 hobgoblins
  10 jackals
  2 quokkas (D:2)
  6 bats
  3 frilled lizards
  6 kobolds
  12 rats
52 creatures vanquished.

Notes
Turn   | Place    | Note
-------+----------+-------------------------------------------
     0 | D:1      | vishdafish the Naga Enchanter began the quest for the Orb.
     0 | D:1      | Reached XP level 1. HP: 15/15 MP: 3/3
    57 | D:1      | Reached XP level 2. HP: 22/22 MP: 5/5
   249 | D:1      | Reached skill level 5 in Stealth
   807 | D:1      | Reached XP level 3. HP: 28/28 MP: 6/6
  1667 | D:2      | Reached XP level 4. HP: 34/36 MP: 7/7
  1747 | D:2      | Found a sparkling altar of Nemelex Xobeh.
  1839 | D:2      | Slain by a gnoll zombie

Skill      XL: |  1  2  3  4 |
---------------+-------------+-----
Stealth        | 5 |  5.5
Dodging        | 2 |  2.3
Short Blades   | 2 |  2.0
Spellcasting   | |  2.1
Hexes          | |  3.2

Action                   |  1- 3 |  4- 6 || total
-------------------------+-------+-------++-------
Melee: Dagger            |   118 |    31 ||   149
 Abil: Spit Poison       |    21 |     4 ||    25
  Use: Scroll            |     3 |       ||     3
       Potion            |     1 |       ||     1
 Stab: Sleeping          |     8 |     3 ||    11
  Eat: Chunk             |     2 |       ||     2
Armor: Robe              |    24 |     5 ||    29
Dodge: Dodged            |    84 |    13 ||    97
